 Dungeon Crawl Stone Soup version 0.26.1-11-gd32895ea62 (webtiles) character file.

Game seed: 13735988881938110066

74 buriedalive the Chiller (level 4, -14/24 HPs)
             Began as a Deep Elf Ice Elementalist on May 24, 2021.
             Demolished by a gnoll
             ... wielding a +0 halberd
              (17 damage)
             ... on level 2 of the Dungeon.
             The game lasted 00:02:44 (1890 turns).

buriedalive the Chiller (Deep Elf Ice Elementalist) Turns: 1890, Time: 00:02:45

Health: -14/24     AC:  3    Str:  5    XL:     4   Next: 9%
Magic:  6/10       EV: 15    Int: 21    God:
Gold:   94         SH:  0    Dex: 21    Spells: 2/9 levels left

rFire    . . .     SeeInvis .   b - +0 dagger
rCold    . . .     Faith    .   (no shield)
rNeg     . . .     Spirit   .   a - +0 robe
rPois    .         Reflect  .   f - +0 helmet
rElec    .         Harm     .   (no cloak)
rCorr    .         Rampage  .   (no gloves)
Will     .....                  (no boots)
Stlth    ++........             (no amulet)
HPRegen  0.08/turn              h - +6 ring of dexterity
MPRegen  0.12/turn              (no ring)

@: no status effects
A: no striking features
a: no special abilities


You were on level 2 of the Dungeon.
You visited 1 branch of the dungeon, and saw 2 of its levels.

You collected 94 gold pieces.

Inventory:

Hand Weapons
 b - a +0 dagger (weapon)
Missiles
 c - 44 stones
 i - 11 poisoned darts
Armour
 a - a +0 robe (worn)
 f - a +0 helmet (worn)
Jewellery
 h - a +6 ring of dexterity (left hand)
Scrolls
 d - a scroll of enchant armour {unknown}
 e - a scroll of teleportation {unknown}
 j - a scroll of fear {unknown}
 l - a scroll of enchant weapon {unknown}
 m - a scroll of fog {unknown}
 n - a scroll of identify {unknown}
Potions
 g - a potion of haste {unknown}


   Skills:
 + Level 4.1 Dodging
 - Level 2.4 Stealth
 - Level 3.0 Spellcasting
 + Level 5.4 Ice Magic


You had 2 spell levels left.
You knew the following spells:

 Your Spells              Type           Power        Failure   Level
a - Freeze                Ice            100%         1%          1
b - Frozen Ramparts       Ice            50%          4%          3
c - Ozocubu's Armour      Ice            25%          4%          3

Your spell library contained the following spells:

 Spells                   Type           Power        Failure   Level
 Hailstorm                Conj/Ice       14%          41%         4
 Summon Ice Beast         Ice/Summ       14%          41%         4


Dungeon Overview and Level Annotations

Branches:
Dungeon (2/15)

Altars:
Yredelemnul


Message History

The gnoll is almost dead.
The gnoll hits you.
You hit the gnoll.
You kill the gnoll!
The gnoll closely misses you.
You have reached level 4!
You feel clever. The gnoll hits you with a +0 halberd!
* * * LOW HITPOINT WARNING * * *
You see here 18 gold pieces.
Casting: Freeze (safe; 1% risk of failure)
Confirm with . or Enter, or press ? or * to list all spells.
Aiming: Freeze (safe; 1% risk of failure)
Press: ? - help, Shift-Dir - straight line, f - gnoll
Aim: a gnoll, wielding a +0 halberd You freeze the gnoll.
The gnoll is moderately wounded.
The gnoll hits you with a +0 halberd!
Ouch! That really hurt!
You die...

..$. ..P..♣ #...
.P...? ..Pg ....P
P ♣♣PP♣♣.P♣♣♣..
...PgP♣PP.♣
#....♣..♣..#
#..>.......
#####...#####.#
#.)@g......##.#
#.####.###.##.#
#### #.
......#.##.# #...
##
###...#....###.##
#........†...#
#.#.....######
#.....#...#
#.###.#.### #.
#...#


You could see a gnoll.

Vanquished Creatures
  Natasha (D:2)
  A gnoll (D:2)
  An ooze (D:1)
  2 dart slugs (D:1)
  A ball python (D:1)
  2 giant cockroaches (D:1)
  2 goblins (D:1)
  A hobgoblin (D:1)
  6 jackals (D:1)
  A quokka (D:2)
  2 bats (D:1)
  3 frilled lizards (D:1)
  3 kobolds (D:1)
  6 rats (D:1)
32 creatures vanquished.

Vanquished Creatures (others)
  7 plants (D:2)
7 creatures vanquished.

Grand Total: 39 creatures vanquished

Notes
Turn   | Place    | Note
-------+----------+-------------------------------------------
     0 | D:1      | buriedalive the Deep Elf Ice Elementalist began the quest
                  | for the Orb.
     0 | D:1      | Reached XP level 1. HP: 10/10 MP: 6/6
   251 | D:1      | Reached XP level 2. HP: 9/15 MP: 5/8
   859 | D:1      | Reached skill level 5 in Ice Magic
   859 | D:1      | Reached XP level 3. HP: 16/19 MP: 5/9
   942 | D:1      | Learned a level 3 spell: Frozen Ramparts
   946 | D:1      | Learned a level 3 spell: Ozocubu's Armour
  1816 | D:2      | Noticed Natasha
  1823 | D:2      | Killed Natasha
  1863 | D:2      | Found a basalt altar of Yredelemnul.
  1889 | D:2      | Reached XP level 4. HP: 10/24 MP: 6/10
  1890 | D:2      | Demolished by a gnoll

Illustrated notes

Levels and vault maps discovered:
D:1:      shiori_shiawase, layout_loops_ring, minmay_split_cup_large
D:2:      wad_woods_stonehenge, layout_basic, tgw_kikubaaqudgha, uniq_jessica,
          uniq_natasha

Skill      XL: |  1  2  3 |
---------------+----------+-----
Dodging        | 3 4 |  4.1
Ice Magic      | 5 |  5.4
Stealth        | |  2.4
Spellcasting   | |  3.0

Action                   |  1- 3 |  4- 6 || total
-------------------------+-------+-------++-------
Melee: Dagger            |    43 |       ||    43
Throw: Dart              |     1 |       ||     1
 Cast: Freeze            |    41 |     1 ||    42
  Use: Scroll            |     1 |       ||     1
 Stab: Sleeping          |     1 |       ||     1
Armor: Robe              |    10 |       ||    10
Dodge: Dodged            |    54 |       ||    54
